 Dungeon Crawl Stone Soup version 0.27-a0-1416-g941b2bd30b (webtiles) character file.

Game seed: 5903984402128281479

7665 Brandom the Martial Artist (level 10, -17/104 HPs)
             Began as a Troll Delver on July 1, 2021.
             Was a High Priest of Jiyva.
             Demolished by a boulder beetle (48 damage)
             ... on level 9 of the Dungeon.
             The game lasted 00:25:21 (7935 turns).

Brandom the Martial Artist (Troll Delver)           Turns: 7935, Time: 00:25:22

Health: -17/104    AC:  8    Str: 15    XL:     10   Next: 99%
Magic:  9/9        EV:  8    Int:  7    God:    Jiyva [*****.]
Gold:   358        SH: 14    Dex: 20    Spells: 9/9 levels left

rFire    + + .     SeeInvis .     - Unarmed
rCold    . . .     Faith    .   q - +0 tower shield
rNeg     . . .     Spirit   .   M - +0 acid dragon scales
rPois    .         Reflect  .   (helmet restricted)
rElec    .         Harm     .   I - scarf {+Inv}
rCorr    +         Rampage  .   (gloves unavailable)
Will     +....                  (boots unavailable)
Stlth    ++........             (no amulet)
HPRegen  1.27/turn              k - ring of willpower
MPRegen  0.11/turn              G - ring of protection from fire

@: no status effects
A: large, unfitting armour, claws 3, regeneration 1, shaggy fur 1, tough skin 1,
hooves 1, horns 1, fire resistance 1, acidic bite
a: Renounce Religion, Evoke Invisibility, Request Jelly, Slimify, Cure Bad
Mutation


You were on level 9 of the Dungeon.
You worshipped Jiyva.
Jiyva was extremely pleased with you.
You visited 1 branch of the dungeon, and saw 9 of its levels.

You collected 358 gold pieces.

Inventory:

Hand Weapons
 h - a +2 whip of electrocution
   (You took it off Pikel on level 9 of the Dungeon)
 t - a +0 club
   (You took it off a gnoll on level 6 of the Dungeon)
 L - a +0 scimitar of flaming
   (You took it off an efreet on level 9 of the Dungeon)
Missiles
 B - 5 boomerangs (quivered)
 F - 3 javelins
Armour
 a - a +0 robe
 q - a +0 tower shield (worn)
   (You took it off an orc on level 8 of the Dungeon)
 r - a +0 kite shield
   (You took it off a gnoll sergeant on level 6 of the Dungeon)
 s - the +0 robe "Lemaef" {Dex+4}
   (You took it off a gnoll on level 6 of the Dungeon)

   Dex:       It affects your dexterity (+4).
 I - a scarf of invisibility (worn)
   (You found it on level 8 of the Dungeon)
 M - +0 acid dragon scales (worn)
   (You took it off Maggie on level 9 of the Dungeon)
Jewellery
 f - a ring of flight
   (You found it on level 6 of the Dungeon)
 k - a ring of willpower (left claw)
   (You found it on level 2 of the Dungeon)
 D - a ring of willpower
   (You found it on level 8 of the Dungeon)
 G - a ring of protection from fire (right claw)
   (You found it on level 8 of the Dungeon)
 H - a ring of protection from cold
   (You found it on level 8 of the Dungeon)
 J - a +4 ring of evasion
   (You found it on level 8 of the Dungeon)
Wands
 d - a wand of iceblast (12)
   (You found it on level 4 of the Dungeon)
 u - a wand of paralysis (15)
   (You found it on level 5 of the Dungeon)
 v - a wand of digging (3)
 x - a wand of acid (5)
   (You found it on level 7 of the Dungeon)
 y - a wand of mindburst (11)
   (You found it on level 7 of the Dungeon)
Scrolls
 b - a scroll of fog
 c - 2 scrolls of magic mapping
 g - 2 scrolls of fear
 j - 2 scrolls of vulnerability {!r}
 l - a scroll of noise {unknown}
 w - a scroll of silence
 z - a scroll of identify {@r1}
 C - a scroll of amnesia {unknown}
Potions
 e - a potion of haste {@q3}
 m - 4 potions of curing {@q1}
 n - a potion of ambrosia
 o - a potion of might
 p - a potion of berserk rage
 A - a potion of resistance {unknown}
 E - a potion of degeneration {unknown}


   Skills:
 * Level 8.1 Fighting
 + Level 5.6 Throwing
 + Level 5.6 Dodging
 - Level 2.7 Stealth
 + Level 4.0 Shields
 * Level 9.4 Unarmed Combat
 + Level 2.2 Evocations


You had 9 spell levels left.
You didn't know any spells.
Your spell library contained the following spells:

 Spells                   Type           Power      Damage    Failure   Level
 Blink                    Tloc           N/A        N/A       100%        2
 Corpse Rot               Necr/Air       N/A        N/A       100%        2
 Ignite Poison            Fire/Tmut/Pois 0%         N/A       100%        3
 Lesser Beckoning         Tloc           0%         N/A       100%        3
 Mephitic Cloud           Conj/Pois/Air  0%         N/A       100%        3
 Dispel Undead            Necr           0%         3d6       100%        4
 Bolt of Magma            Conj/Fire/Erth 0%         4d4       100%        5
 Manifold Assault         Tloc           0%         N/A       100%        5
 Death Channel            Necr           0%         N/A       100%        6
 Storm Form               Tmut/Air       0%         N/A       100%        7


Dungeon Overview and Level Annotations

Branches:
Dungeon (9/15)             Temple (0/1) D:5            Lair (0/6) D:9
    Orc (0/2) D:9

Altars:
Gozag
The Shining One
Jiyva

Annotations:
D:9 1 runed translucent door


Innate Abilities, Weirdness & Mutations

You are too large for most types of armour.
You have claws for hands.
Your natural rate of healing is unusually fast.
You are covered in fur. (AC +1)
You have tough skin. (AC +1)
You have large cloven feet.
You have a pair of small horns on your head.
Your flesh is heat resistant. (rF+)
You have acidic saliva.


Message History

The boulder beetle leaps!
The boulder beetle leaps!
The boulder beetle leaps!
You see here a large rock.
K - a large rock Throw: large rock
Aim: a boulder beetle (heavily wounded, 91% to hit)
You throw a large rock. The large rock hits the boulder beetle.
The boulder beetle curls into a ball and begins rolling!
The boulder beetle hits you!
The boulder beetle stops rolling and uncurls.
You scratch the boulder beetle.
You bite the boulder beetle, but do no damage.
You hear a slurping noise.
The boulder beetle bites you!!
* * * LOW HITPOINT WARNING * * *
Unknown command.
You claw the boulder beetle!
You kick the boulder beetle, but do no damage.
The boulder beetle barely misses you.
You mangle the boulder beetle!!
You kick the boulder beetle, but do no damage.
The boulder beetle bites you!!
* * * LOW HITPOINT WARNING * * *
You scratch the boulder beetle.
You kick the boulder beetle, but do no damage.
The boulder beetle bites you but does no damage.
You block the boulder beetle's attack.
You scratch the boulder beetle but do no damage.
You kick the boulder beetle, but do no damage.
The boulder beetle bites you!!
* * * LOW HITPOINT WARNING * * *
You feel much better.
The boulder beetle leaps!
Throw: 5 boomerangs
Aim: a boulder beetle (almost dead, 91% to hit)
You throw a boomerang.
The boomerang hits the boulder beetle but does no damage.
The boulder beetle leaps!
Throw: 5 boomerangs
Aim: a boulder beetle (almost dead, 91% to hit)
You throw a boomerang.
The boomerang hits the boulder beetle but does no damage.
You hear a slurping noise.
The boulder beetle curls into a ball and begins rolling!
Throw: 5 boomerangs
Aim: a boulder beetle (almost dead, rolling, 91% to hit)
You throw a boomerang.
The boomerang hits the boulder beetle but does no damage.
The boulder beetle hits you!!!
You die...

.#.# #.......'....### ..
#########....... .. ######.. .#
#.. ... ##### ######.. ### #...#
#....... #.#.# #.##..#.
###############...########.......
................@...<.........>..
.#....#...#..#..B....###..#######
.#........#..#..#○...###..#######
..................J..............
#################################


You could see a boulder beetle (rolling) and a neutral jelly (wandering) (fellow
slime).

Vanquished Creatures
  2 boulder beetles
  A two-headed ogre (D:9)
  Pikel (D:9)
  A wizard (D:9)
  An ugly thing (D:9)
  Maggie (D:9)
  A komodo dragon (D:9)
  An efreet (D:9)
  A freezing wraith (D:9)
  A hornet (D:8)
  A water moccasin (D:7)
  An ice beast (D:8)
  A sky beast (D:8)
  3 orc warriors
  2 black bears
  A necrophage (D:5)
  An ogre (D:5)
  2 centaurs
  2 phantoms (D:5)
  A kobold brigand (D:6)
  9 bullfrogs
  2 gnoll sergeants
  A scorpion (D:4)
  5 killer bees
  7 wights
  A centaur zombie (D:8)
  3 howler monkeys
  A hound (D:4)
  A gnoll shaman (D:6)
  3 orc priests (D:7)
  A bullfrog skeleton (D:6)
  An iguana (D:4)
  8 orc wizards
  3 howler monkey zombies
  17 gnolls
  7 adders
  A shadow imp (D:6)
  2 white imps
  2 ufetubi (D:5)
  A worm (D:2)
  2 dart slugs
  22 orcs
  A giant cockroach (D:1)
  2 goblins
  4 hobgoblins
  4 jackals
  3 quokkas
  4 ball pythons
  2 frilled lizards (D:3)
  9 kobolds
  3 rats
  3 bushes (D:1)
161 creatures vanquished.

Vanquished Creatures (others)
  A sky beast (D:7)
  A necrophage (D:4)
  A centaur (D:7)
  A boggart (D:9)
  A bullfrog (D:9)
  A kobold brigand (D:9)
  A wight (D:7)
  2 howler monkeys (D:9)
  A centaur zombie (D:9)
  22 jellies
  2 orc priests (D:7)
  A howler monkey skeleton (D:7)
  An adder (D:5)
  A white imp (D:7)
  A dart slug (D:1)
  An endoplasm (D:4)
  5 orcs
  A ball python (D:3)
  4 bats
  2 hobgoblins (D:2)
  2 jackals (D:2)
  5 kobolds
  49 plants
107 creatures vanquished.

Grand Total: 268 creatures vanquished

Notes
Turn   | Place    | Note
-------+----------+-------------------------------------------
     0 | D:5      | Brandom the Troll Delver began the quest for the Orb.
     0 | D:5      | Reached XP level 1. HP: 22/22 MP: 0/0
    15 | D:5      | Noticed a howler monkey
    26 | D:5      | Killed a howler monkey
    27 | D:5      | Reached XP level 2. HP: 19/29 MP: 1/1
    27 | D:5      | Reached XP level 3. HP: 23/36 MP: 2/2
   114 | D:5      | Noticed a black bear
   233 | D:3      | Found a faded altar of an unknown god.
   241 | D:3      | Became a worshipper of Jiyva Jiusont the Shapeless
   241 | D:3      | Reached * piety under Jiyva
   304 | D:2      | Reached skill level 3 in Unarmed Combat
   467 | D:2      | Reached XP level 4. HP: 45/45 MP: 3/3
  1979 | D:3      | Reached skill level 1 in Throwing
  1992 | D:3      | Found a glowing golden altar of the Shining One.
  2544 | D:4      | Reached XP level 5. HP: 48/53 MP: 4/4
  2906 | D:4      | Reached ** piety under Jiyva
  2910 | D:4      | Killed a necrophage
  3050 | D:4      | Reached skill level 4 in Unarmed Combat
  3195 | D:5      | Killed a black bear
  3196 | D:5      | Reached XP level 6. HP: 19/62 MP: 5/5
  3541 | D:5      | Found an opulent altar of Gozag.
  3587 | D:5      | Found a staircase to the Ecumenical Temple.
  3590 | D:5      | Reached XP level 7. HP: 71/71 MP: 6/6
  3607 | D:5      | Reached skill level 5 in Unarmed Combat
  4265 | D:6      | Reached skill level 5 in Fighting
  4390 | D:6      | Noticed a boulder beetle
  4408 | D:6      | Reached XP level 8. HP: 80/80 MP: 7/7
  4572 | D:6      | Identified the +0 robe "Lemaef" {Dex+4}
  4715 | D:6      | Reached *** piety under Jiyva
  4783 | D:6      | Killed a boulder beetle
  4784 | D:6      | Reached skill level 1 in Shields
  4784 | D:6      | Reached skill level 6 in Unarmed Combat
  5115 | D:6      | Reached XP level 9. HP: 72/89 MP: 8/8
  5230 | D:7      | Reached skill level 7 in Unarmed Combat
  5676 | D:7      | Gained mutation: You have acidic saliva. [Jiyva's grace]
  5684 | D:7      | Reached **** piety under Jiyva
  5791 | D:7      | Noticed a boulder beetle
  5805 | D:7      | Killed a boulder beetle
  6106 | D:7      | Reached skill level 8 in Unarmed Combat
  6470 | D:8      | Reached skill level 5 in Dodging
  6478 | D:8      | Reached XP level 10. HP: 102/102 MP: 9/9
  6866 | D:8      | Gained mutation: You have a pair of small horns on your
                  | head. [Jiyva's grace]
  7053 | D:9      | Found a staircase to the Orcish Mines.
  7083 | D:9      | Reached skill level 1 in Evocations
  7155 | D:9      | Reached skill level 5 in Throwing
  7163 | D:9      | Reached ***** piety under Jiyva
  7174 | D:9      | HP: 2/102 [freezing wraith (4)]
  7334 | D:9      | Gained mutation: Your flesh is heat resistant. (rF+)
                  | [Jiyva's grace]
  7358 | D:9      | Noticed a brown ugly thing
  7364 | D:9      | Noticed a centaur warrior
  7509 | D:9      | Noticed a two-headed ogre
  7519 | D:9      | Killed a two-headed ogre
  7563 | D:9      | Noticed Pikel
  7570 | D:9      | Killed Pikel
  7571 | D:9      | Reached skill level 9 in Unarmed Combat
  7580 | D:9      | Noticed a wizard
  7591 | D:9      | Killed a wizard
  7611 | D:9      | Found a runed translucent door.
  7682 | D:9      | Noticed a boulder beetle
  7790 | D:9      | Noticed Maggie
  7805 | D:9      | Killed Maggie
  7849 | D:9      | Gained mutation: You have large cloven feet. [Jiyva's
                  | grace]
  7871 | D:9      | Killed a brown ugly thing
  7875 | D:9      | Found a staircase to the Lair.
  7931 | D:9      | HP: 1/104 [boulder beetle (24)]
  7935 | D:9      | Demolished by a boulder beetle

Illustrated notes

Levels and vault maps discovered:
D:1:      evilmike_arrival_hilbert_curve, layout_basic, serial_forest,
          infiniplex_forest_lined_room_2, infiniplex_forest_clump_tiny,
          infiniplex_forest_clump_tiny, infiniplex_forest_diagonal,
          infiniplex_forest_corner_2, infiniplex_forest_clump_long,
          infiniplex_forest_clump_C, infiniplex_forest_lined_2
D:2:      layout_basic
D:3:      layout_basic, tso_metal_star, chequers_ecumenical_altar_simple
D:4:      layout_loops_ring
D:5:      layout_basic, grunt_gozag_breadcrumbs, minmay_temple_entry_arrows,
          minmay_misc_feat_nine_boxes, wad_rectangle_vault
D:6:      layout_basic
D:7:      layout_basic, minmay_checkerbox
D:8:      layout_basic, serial_glass, glass_columns_c, glass_columns_a,
          minmay_fractal_squares_5
D:9:      minmay_the_grid_four_pointed_star_mashed
          [minmay_the_grid_triangle_9x9_subtriangle,
          minmay_the_grid_triangle_9x9_shrine,
          minmay_the_grid_triangle_9x9_limited_checkers,
          minmay_the_grid_triangle_9x9_from_above,
          minmay_the_grid_prize_inner_circle], layout_stronghold,
          david_lair_shrubbed, orc_0_dummy, uniq_pikel, uniq_maggie

Skill      XL: |  1  2  3  4  5  6  7  8  9 10 |
---------------+-------------------------------+-----
Fighting       | 3 4 5 6 7 8 |  8.1
Dodging        | 2 3 4 5 |  5.6
Unarmed Combat | 3 4 5 6 8 9 |  9.4
Throwing       | 1 2 3 4 5 |  5.6
Shields        | 1 3 4 |  4.0
Evocations     | 2 |  2.2
Stealth        | |  2.7

Action                   |  1- 3 |  4- 6 |  7- 9 | 10-12 || total
-------------------------+-------+-------+-------+-------++-------
Melee: Unarmed           |    21 |   279 |   307 |   122 ||   729
       Punch             |       |     4 |     5 |       ||     9
       Bite              |       |       |    16 |    23 ||    39
       Headbutt          |       |       |       |    38 ||    38
       Kick              |       |       |       |    11 ||    11
Throw: Large rock        |     1 |     2 |     3 |    10 ||    16
       Javelin           |       |       |    26 |    12 ||    38
       Boomerang         |       |       |       |    14 ||    14
Evoke: Wand              |       |       |     6 |     2 ||     8
  Use: Scroll            |       |     6 |     3 |     1 ||    10
       Potion            |       |       |     1 |     1 ||     2
 Stab: Sleeping          |       |     8 |     3 |       ||    11
       Paralysed         |       |       |    26 |       ||    26
       Distracted        |       |       |       |     1 ||     1
Armor: Robe              |     4 |    38 |    57 |     7 ||   106
       Acid dragon scale |       |       |       |     2 ||     2
Dodge: Dodged            |    10 |    57 |   131 |    36 ||   234
Block: Kite shield       |       |       |    93 |       ||    93
       Tower shield      |       |       |       |    70 ||    70

Table legend: (Time is in decaauts)
 A = Elapsed time spent in this place.
 B = Non-inter-level travel time spent in this place.
 C = Inter-level travel time spent in this place.
 D = Time resting spent in this place.
 E = Time spent auto-exploring this place.
 F = Levels seen in this place.
 G = Mean time per level.
                   A        B        C        D        E       F      G
               +--------+--------+--------+--------+--------+-----+--------+
         Total |   8022 |   7802 |    220 |    352 |   5640 |   9 |  891.3 |
       Dungeon |   8022 |   7802 |    220 |    352 |   5640 |   9 |  891.3 |
               +--------+--------+--------+--------+--------+-----+--------+

Top non-repeatable levels by time:
     D:5: 1162 daAuts
     D:7: 1064 daAuts
     D:6: 998 daAuts
     D:1: 904 daAuts
     D:9: 876 daAuts
     D:8: 873 daAuts
     D:2: 769 daAuts
     D:4: 719 daAuts
     D:3: 653 daAuts
